 Dungeon Crawl Stone Soup version 0.30-a0-860-g512cf1e979 (webtiles) character file.

Game seed: 3342257822935359707

197 hellse the Sneak (level 5, 37/37 HPs)
             Began as an Octopode Delver on Mar 8, 2023.
             Quit the game on level 5 of the Dungeon.
             The game lasted 00:02:38 (1328 turns).

hellse the Sneak (Octopode Delver)                  Turns: 1328, Time: 00:02:39

Health: 37/37      AC:  1    Str: 17    XL:     5   Next: 75%
Magic:  5/5        EV: 13    Int: 13    God:
Gold:   81         SH:  0    Dex: 15    Spells: 4/4 levels left

rFire   . . .      SeeInvis .    a - +0 short sword
rCold   . . .      Faith    .    (no shield)
rNeg    . . .      Spirit   .    (helmet restricted)
rPois   .          Reflect  .    (no amulet)
rElec   .          Rampage  .    l - +6 ring of strength
rCorr   .                        (no ring)
Will    .....                    (no ring)
Stlth   +++++                    (no ring)
HPRegen 0.26/turn                (no ring)
MPRegen 0.09/turn                (no ring)
                                 (no ring)
                                 (no ring)

@: studying Unarmed Combat
A: almost no armour, amphibious, 8 rings, camouflage 1, gelatinous body 1,
(nimble swimmer 1), tentacles
a: no special abilities


You were on level 5 of the Dungeon.
You visited 2 branches of the dungeon, and saw 4 of its levels.

You collected 81 gold pieces.

Inventory:

Hand Weapons
 a - a +0 short sword (weapon)
Jewellery
 l - a +6 ring of strength (left tentacle)
Wands
 f - a wand of digging (2)
 k - a wand of mindburst (16)
Scrolls
 b - a scroll of fog
 d - a scroll of fear
 i - 2 scrolls of identify {unknown}
 j - a scroll of enchant weapon {unknown}
Potions
 c - a potion of heal wounds {unknown}
 e - a potion of haste
 g - a potion of degeneration {unknown}
 h - 2 potions of curing {unknown}
 m - a potion of magic {unknown}


   Skills:
 + Level 4.0 Fighting
 - Level 4.8 Short Blades
 - Level 2.0 Dodging
 - Level 7.0 Stealth


You had 4 spell levels left.
You didn't know any spells.
Your spell library contained the following spells:

 Spells                   Type           Power      Damage    Failure   Level
 Necrotise                Necr           0%         1d4       30%         1
 Vampiric Draining        Necr           0%         2d6       67%         3
 Agony                    Necr           0%         N/A       100%        5


Dungeon Overview and Level Annotations

Branches:
Dungeon (6/15)             Temple (1/1) D:6

Altars:
Ashenzari
Dithmenos
Elyvilon
Gozag
Hepliaklqana
Kikubaaqudgha
Makhleb
Nemelex Xobeh
Okawaru
Qazlal
Ru
Sif Muna
Trog
Vehumet
Wu Jian
Xom
Yredelemnul
Zin


Innate Abilities, Weirdness & Mutations

You cannot wear most types of armour.
You are amphibious.
You can wear up to eight rings at the same time.
Your skin changes colour to match your surroundings (Stealth+).
Your rubbery body absorbs attacks. (AC +1, EV +1)
((You are camouflaged when in or above water. (Stealth+)))
You have tentacles for arms and can constrict up to eight enemies at once.


Message History

Done exploring.
There is a shimmering altar of Xom here.
You enter the shallow water.
You enter the shallow water.
There is a staircase back to the Dungeon here.
You climb upwards.
There is a staircase to the Ecumenical Temple here.
There is a fountain of clear blue water here.
You now have 81 gold pieces (gained 17).
There is a fountain of clear blue water here.
There is a stone staircase leading up here.
You climb upwards.
There is a stone staircase leading down here.
Search for what [Enter for "."]?
Okay, then.
Found a quarterstaff.
An ogre comes into view. It is wielding a +0 giant club.
The ogre shouts! 3 gnolls come into view.
A gnoll is wielding a +2 whip of electrocution.
The gnoll shouts! x2
A scorpion comes into view.
The gnoll moves out of view.
You hear a shout!
You hear an angry hiss. x2
An orc comes into view. It is wielding a +0 flail.
As you read the scroll of fear, it crumbles to dust.
You assume a fearsome visage.
The orc looks frightened!
The gnoll looks frightened!
The ogre looks frightened!
An iguana comes into view.
An iguana comes into view.
The orc gibbers meaninglessly.
The iguana hisses angrily. x2
Found an ornate altar of the Wu Jian Council.
Found a basalt altar of Yredelemnul.
Found a glowing silver altar of Zin and a broken altar of Ashenzari.
Found a bloodstained altar of Trog.
Found a stormy altar of Qazlal.
Found an ancient bone altar of Kikubaaqudgha.
Found a sparkling altar of Nemelex Xobeh.
Are you sure you want to abandon this character and quit the game? (Confirm with "yes".)

*,,,**,* *****,** ## ******,,**
*,**,** #####.
***,,,,,,,,*****,,,** ##.....
*,,,,****,,,,,,,**,** #..####
,***,* **,,,,,****,* ###.##,,. **
*,** *,,,*####### ###...#,*,* *
*,,* **,,##⌠#_#_###_#.#...#,#
**,*****,,#_.#.#.#.#.8.#.#.#,#
**,,,,**,,*#.@.ll..g...#.##...
**,,,,,,,,,#_...........#..*###
***,,,,,,,,,,#8.#.#.#.#.8###.,...
*,,,,,**,,,,,##_#_#.#_#⌠##**##...
,,**,,,,,,,*,*###########,******,
******,,****,,,,,,,,,,,**,,,** #.
** *,** **,,,,,,,,,,,****,,**#.
,** *,* **,,*,,***,,,,* **,,...
,,****,***,,,,,,*,**,,,* *,,...


You could see 2 iguanas and a gnoll.

Vanquished Creatures
  An ogre (D:4)
  A howler monkey (D:4)
  An orc wizard (D:4)
  2 adders (D:4)
  An ufetubus (D:4)
  2 dart slugs (D:4)
  3 orcs (D:4)
  2 ball pythons (D:4)
  2 endoplasms (D:4)
  2 goblins (D:4)
  2 hobgoblins (D:4)
  A quokka (D:4)
  A kobold (D:4)
21 creatures vanquished.

Notes
Turn   | Place    | Note
-------+----------+-------------------------------------------
     0 | D:5      | hellse the Octopode Delver began the quest for the Orb.
     0 | D:5      | Reached XP level 1. HP: 16/16 MP: 1/1
   133 | D:4      | Noticed an ogre
   136 | D:4      | Killed an ogre
   137 | D:4      | Reached XP level 2. HP: 21/21 MP: 2/2
   137 | D:4      | Reached XP level 3. HP: 26/26 MP: 3/3
   137 | D:4      | Reached XP level 4. HP: 31/31 MP: 4/4
   145 | D:4      | Noticed an ogre
   289 | D:4      | Found a radiant altar of Vehumet.
   299 | D:4      | Reached skill level 7 in Stealth
   299 | D:4      | Reached XP level 5. HP: 29/36 MP: 5/5
  1080 | D:6      | Found a staircase to the Ecumenical Temple.
  1097 | Temple   | Entered the Ecumenical Temple
  1283 | D:5      | Noticed an ogre
  1315 | D:5      | Found an ornate altar of the Wu Jian Council.
  1318 | D:5      | Found a basalt altar of Yredelemnul.
  1322 | D:5      | Found a glowing silver altar of Zin.
  1322 | D:5      | Found a broken altar of Ashenzari.
  1323 | D:5      | Found a bloodstained altar of Trog.
  1324 | D:5      | Found a stormy altar of Qazlal.
  1325 | D:5      | Found an ancient bone altar of Kikubaaqudgha.
  1326 | D:5      | Found a sparkling altar of Nemelex Xobeh.
  1328 | D:5      | Quit the game

Illustrated notes

Levels and vault maps discovered:
D:4:      layout_gridville, nicolae_vehumet_altar_sigil, minmay_pentomino_pile
D:5:      layout_layer_cave, minitemple, minmay_checkerbox
D:6:      layout_loops_ring, minmay_temple_entry_drinking_statues, hex_large,
          kennysheep_small_spiral
Temple:   nicolae_temple_bog_church

Skill      XL: |  1  2  3  4  5 |
---------------+----------------+-----
Short Blades   | 4 |  4.8
Stealth        | 7 |  7.0
Fighting       | 4 |  4.0
Dodging        | |  2.0

Action                     |  1- 3 |  4- 6 || total
---------------------------+-------+-------++-------
  Melee: Short sword       |     5 |    48 ||    53
         Tentacles         |     2 |    14 ||    16
         Constrict         |     1 |    10 ||    11
         Punch             |       |     1 ||     1
  Evoke: Wand              |       |     1 ||     1
    Use: Scroll            |     1 |     1 ||     2
   Stab: Sleeping          |     2 |     3 ||     5
         Distracted        |       |     1 ||     1
 Armour: Skin              |       |     1 ||     1
  Dodge: Dodged            |     1 |    24 ||    25

Table legend: (Time is in decaauts)
 A = Elapsed time spent in this place.
 B = Non-inter-level travel time spent in this place.
 C = Inter-level travel time spent in this place.
 D = Time resting spent in this place.
 E = Time spent auto-exploring this place.
 F = Levels seen in this place.
 G = Mean time per level.
                   A        B        C        D        E       F      G
               +--------+--------+--------+--------+--------+-----+--------+
         Total |   1316 |   1262 |     54 |    192 |    715 |   4 |  329.0 |
       Dungeon |   1171 |   1129 |     42 |    192 |    591 |   3 |  390.3 |
        Temple |    144 |    132 |     12 |      0 |    124 |   1 |  144.0 |
               +--------+--------+--------+--------+--------+-----+--------+

Top non-repeatable levels by time:
     D:4: 1029 daAuts
  Temple: 144 daAuts
     D:5: 112 daAuts
     D:6: 29 daAuts
